 Dungeon Crawl Stone Soup version 0.31-a0-1589-g8f5e8ae (webtiles) character file.

Game seed: 14009646934742013841

76 Dorkslayer the Chopper (level 4, -5/45 HPs)
             Began as an Oni Gladiator on Jan 5, 2024.
             Slain by a gnoll
             ... wielding a +0 halberd
              (11 damage)
             ... on level 2 of the Dungeon.
             The game lasted 00:03:36 (1339 turns).

Dorkslayer the Chopper (Oni Gladiator)              Turns: 1339, Time: 00:03:36

Health: -5/45      AC:  3    Str: 20    XL:     4   Next: 32%
Magic:  4/4        EV: 10    Int:  9    God:
Gold:   53         SH:  0    Dex: 10    Spells: 3/3 levels left

rFire   . . .        a - +0 war axe
rCold   . . .        (no shield)
rNeg    . . .        b - +0 robe
rPois   .            c - +0 hat
rElec   .            o - scarf {repulsion}
rCorr   .            (gloves unavailable)
SInv    .            (boots unavailable)
Will    .....        (no amulet)
Stlth   +            (no ring)
HPRegen 0.27/turn    (no ring)
MPRegen 0.09/turn

%: repel missiles
@: no status effects
A: large, unfitting armour, horns 1, tough skin 1, double potion healing,
drunken brawling
a: no special abilities


You were on level 2 of the Dungeon.
You visited 1 branch of the dungeon, and saw 2 of its levels.

You collected 53 gold pieces.

Inventory:

Hand Weapons
 a - a +0 war axe (weapon)
Missiles
 d - a throwing net (quivered)
Armour
 b - a +0 robe (worn)
 c - a +0 hat (worn)
 o - a scarf of repulsion (worn)
Scrolls
 h - a scroll of fear
 j - a scroll of revelation
 k - a scroll of immolation {unknown}
 l - a scroll of enchant armour
 m - a scroll of amnesia {unknown}
 p - a scroll of noise {unknown}
 q - a scroll of teleportation {unknown}
Potions
 f - a potion of brilliance
 g - 2 potions of curing
 n - a potion of haste


   Skills:
 + Level 3.3 Fighting
 + Level 3.9 Axes
 * Level 2.4 Throwing
 * Level 3.3 Dodging


You had 3 spell levels left.
You didn't know any spells.
Your spell library was empty.

Dungeon Overview and Level Annotations

Branches:
Dungeon (2/15)

Altars:


Innate Abilities, Weirdness & Mutations

You are too large for most types of armour.
You have a pair of small horns on your head.
You have tough skin. (AC +1)
You gain doubled healing and magic from potions.
Whenever you drink a healing potion, you attack all around you.


Message History

Things that are here:
a +0 spear; a gnoll corpse A gnoll comes into view.
It is wielding a +0 spear.
The gnoll moves out of view.
The gnoll shouts!
You hear a shout!
There are monsters nearby!
The gnoll shouts!
A gnoll comes into view. It is wielding a +0 halberd.
Throw: large rock
Press: ? - help, Q - select action, (/) - cycle Shift-Dir - straight line, f - gnoll
Aim: a gnoll, wielding a +0 spear (58% to hit)
You throw a large rock. The large rock barely misses the gnoll.
Unknown command.
Throw: 3 throwing nets
Press: ? - help, Q - select action Shift-Dir - straight line, f/p - gnoll
Aim: a gnoll, wielding a +0 spear (58% to hit)
You throw a throwing net. The throwing net hits the gnoll.
The gnoll is caught in the net!
The gnoll struggles against the net.
Throw: 2 throwing nets
Press: ? - help, Q - select action Shift-Dir - straight line, f - gnoll, p - gnoll
Aim: a gnoll, wielding a +0 spear and wearing a +0 leather armour (58% to hit)
You throw a throwing net.
The throwing net closely misses the gnoll.
Unknown command.
The gnoll hits you with a +0 spear.
The gnoll struggles against the net.
You hit the gnoll.
The gnoll is lightly wounded.
You hit the gnoll.
The gnoll struggles against the net.
The gnoll hits you with a +0 spear!
* * * LOW HITPOINT WARNING * * *
The gnoll hits you from afar with a +0 halberd.
* * * LOW HITPOINT WARNING * * *
The gnoll struggles against the net.
The gnoll closely misses you. The gnoll barely misses you.
The gnoll hits you from afar with a +0 spear.
* * * LOW HITPOINT WARNING * * *
The gnoll struggles against the net.
The gnoll attacks as it pursues you!
The gnoll hits you from afar with a +0 halberd!
You die...

#..#.#.#.#.#.#.#.#.#.
#(..#.#.#.#.#.#.#.#..
#...(#.#.#.#.#.#.#...
#.....#.#.#.#.#.#....
#....).#.#.#.#.#.....
#...r..#.#)#.#......
#ggg...#.#.#.......
#.#....#.#..†.....
#@#.....#.........
#...#.........####
#..###.......##
##..........##
############


You could see 3 gnolls and a quokka.

Vanquished Creatures
  A gnoll (D:2)
  4 dart slugs
  A ribbon worm (D:2)
  A ball python (D:2)
  4 bats
  2 endoplasms (D:1)
  A giant cockroach (D:1)
  4 hobgoblins
  10 jackals (D:1)
  3 quokkas (D:1)
  3 frilled lizards (D:1)
  5 goblins
  6 kobolds
  5 rats
50 creatures vanquished.

Notes
Turn   | Place    | Note
-------+----------+-------------------------------------------
     0 | D:1      | Dorkslayer the Oni Gladiator began the quest for the Orb.
     0 | D:1      | Reached XP level 1. HP: 22/22 MP: 1/1
   207 | D:1      | Reached XP level 2. HP: 29/29 MP: 2/2
   541 | D:1      | Reached XP level 3. HP: 13/36 MP: 3/3
  1230 | D:2      | Reached XP level 4. HP: 36/44 MP: 4/4
  1339 | D:2      | Slain by a gnoll

Illustrated notes

Levels and vault maps discovered:
D:1:      sevenhm_arrival_forest_fort_small_4, layout_loops_corners,
          minivault_23
D:2:      layout_rooms, corexii_shack, nicolae_the_louvre,
          uniq_crazy_yiuf_cottage

Skill      XL: |  1  2  3  4 |
---------------+-------------+-----
Dodging        | 3 |  3.3
Fighting       | 3 |  3.3
Axes           | |  3.9
Throwing       | |  2.4

Action                     |  1- 3 |  4- 6 || total
---------------------------+-------+-------++-------
  Melee: War axe           |   115 |    12 ||   127
         Headbutt          |    11 |     1 ||    12
  Throw: Throwing net      |       |     2 ||     2
         Large rock        |       |     1 ||     1
    Use: Scroll            |     6 |     1 ||     7
 Armour: Robe              |   107 |    12 ||   119
  Dodge: Dodged            |   100 |     4 ||   104
         Repelled          |       |     2 ||     2

Table legend: (Time is in decaauts)
 A = Elapsed time spent in this place.
 B = Non-inter-level travel time spent in this place.
 C = Inter-level travel time spent in this place.
 D = Time resting spent in this place.
 E = Time spent auto-exploring this place.
 F = Levels seen in this place.
 G = Mean time per level.
                   A        B        C        D        E       F      G
               +--------+--------+--------+--------+--------+-----+--------+
         Total |   1382 |   1382 |      0 |     12 |    754 |   2 |  691.0 |
       Dungeon |   1382 |   1382 |      0 |     12 |    754 |   2 |  691.0 |
               +--------+--------+--------+--------+--------+-----+--------+

Top non-repeatable levels by time:
     D:1: 1103 daAuts
     D:2: 279 daAuts
